[Event "Titled Tuesday Blitz May 25 2021"]
[White "Nesterov, Arseniy"]
[Black "Golizadeh, Asghar"]
[WhiteFideId "24198455"]
[BlackFideId "12505269"]
[WhiteElo "2441"]
[BlackElo "2403"]
[Result "1-0"]
[Round "03"]
[TimeControl "180+1"]
[Date "2021.05.25"]
[WhiteClock "0:01:09"]
[BlackClock "0:00:02"]

1. d4 Nf6 2. c4 e6 3. Nf3 Bb4+ 4. Bd2 Qe7 5. g3 Nc6 6. Bg2 Bxd2+ 7. Nbxd2 d6 8. O-O O-O 9. Nb1 e5 10. Nc3 Bg4 11. dxe5 dxe5 12. Nd5 Nxd5 13. cxd5 Bxf3 14. Bxf3 Nd4 15. Bg2 Rfd8 16. e3 Nf5 17. Qc2 Nd6 18. Rac1 Rac8 19. Bh3 e4 20. Bxc8 Rxc8 21. Qc5 h5 22. h4 g5 23. hxg5 h4 24. gxh4 Qd7 25. Rfd1 Qh3 26. Rd4 Qg4+ 27. Kf1 Nf5 28. d6 Qf3 29. Ke1 Nxh4 30. d7 Ng2+ 31. Kd2 Qxf2+ 32. Kc3 Qxe3+ 33. Kb4 a5+ 34. Ka4 b5+ 35. Kxb5 Rb8+ 36. Kc6 Rd8 37. Kxc7 Nf4 38. Kxd8 Ne6+ 39. Ke7 1-0


[Site "https://www.chess.com"]

[Event "Titled Tuesday Blitz May 25 2021"]
[White "Nguyen, Ngoc Truong Son"]
[Black "Kretov, Evgenij"]
[WhiteFideId "12401110"]
[BlackFideId "4167821"]
[WhiteElo "2596"]
[BlackElo "2381"]
[Result "0-1"]
[Round "03"]
[TimeControl "180+1"]
[Date "2021.05.25"]
[WhiteClock "0:00:11"]
[BlackClock "0:01:13"]

1. d4 Nf6 2. Nf3 d5 3. c4 e6 4. Nc3 Nbd7 5. Bf4 dxc4 6. e3 Nd5 7. Bxc4 Nxf4 8. exf4 Nb6 9. Bb3 Nd5 10. g3 Bb4 11. Rc1 O-O 12. O-O Nxc3 13. bxc3 Ba3 14. Rc2 b6 15. Qd3 Bb7 16. Rd1 Be7 17. c4 Bf6 18. d5 exd5 19. cxd5 Rc8 20. Re2 c5 21. Ne5 a6 22. d6 b5 23. Nxf7 Rxf7 24. d7 c4 25. Re8+ Qxe8 26. dxe8=Q+ Rxe8 27. Bxc4 bxc4 28. Qxc4 Kf8 29. h4 Bf3 30. Rc1 Rfe7 31. Qb4 g6 32. Kh2 Kg7 33. Qb3 Bg4 34. Kg2 Re2 35. Rc7+ R8e7 36. Qc4 h5 37. Rxe7+ Bxe7 38. Qxa6 Bc5 39. Qb7+ Kh6 40. Qb8 Rxf2+ 0-1


[Site "https://www.chess.com"]

[Event "Titled Tuesday Blitz May 25 2021"]
[White "Nguyen, Van Huy"]
[Black "Principe, Gerson"]
[WhiteFideId "12401064"]
[BlackFideId "3804550"]
[WhiteElo "2443"]
[BlackElo "2280"]
[Result "0-1"]
[Round "03"]
[TimeControl "180+1"]
[Date "2021.05.25"]
[WhiteClock "0:01:36"]
[BlackClock "0:00:29"]

1. d4 Nf6 2. c4 e6 3. Nf3 b6 4. g3 Bb7 5. Bg2 Be7 6. O-O O-O 7. Nc3 Ne4 8. Bd2 f5 9. Rc1 Bf6 10. d5 Na6 11. Qc2 Nac5 12. Rfd1 Qc8 13. Be1 a5 14. Nd4 Bxd4 15. Rxd4 e5 16. Rdd1 Nxc3 17. Bxc3 d6 18. e3 Qd7 19. f4 Rae8 20. b3 Qf7 21. a3 e4 22. Bf1 a4 23. b4 Nb3 24. Rb1 Bc8 25. Bb2 Bd7 26. Qc3 Re7 27. Re1 Qh5 28. Be2 Qh3 29. Bd1 h5 30. Re2 Be8 31. Qe1 Kh7 32. Qf1 Qxf1+ 33. Kxf1 b5 34. Rc2 bxc4 35. Be2 Bb5 36. Bxc4 Bxc4+ 37. Rxc4 Nd2+ 38. Ke2 Nxc4 39. Bd4 Nxa3 0-1


[Site "https://www.chess.com"]

[Event "Titled Tuesday Blitz May 25 2021"]
[White "Ognean, Mihnea-Ionut"]
[Black "Costachi, Mihnea"]
[WhiteFideId "1232347"]
[BlackFideId "1217518"]
[WhiteElo "2012"]
[BlackElo "2479"]
[Result "0-1"]
[Round "03"]
[TimeControl "180+1"]
[Date "2021.05.25"]
[WhiteClock "0:00:05"]
[BlackClock "0:00:15"]

1. d4 Nf6 2. c4 g6 3. Nc3 Bg7 4. e4 O-O 5. h3 d6 6. Be3 c5 7. d5 e6 8. Bd3 exd5 9. exd5 a6 10. a4 Nbd7 11. Nf3 Re8 12. O-O Ne5 13. Nxe5 Rxe5 14. Bf4 Re8 15. Qd2 Nh5 16. Bh2 Be5 17. Bxe5 Rxe5 18. Rae1 Rxe1 19. Rxe1 Bd7 20. Ne4 Bf5 21. b4 Bxe4 22. Rxe4 Nf6 23. Re3 Nd7 24. b5 axb5 25. axb5 Ne5 26. Re1 Qh4 27. Qc2 Qg5 28. Kh1 Qf4 29. Bf1 Ra3 30. Qb2 Ra8 31. Qc2 h5 32. g3 Qd4 33. Kg2 h4 34. g4 Qf4 35. Qe4 Qf6 36. f4 Ra2+ 37. Kh1 Nd7 38. g5 Qc3 39. Qe8+ Kg7 40. Qe3 Qxe3 41. Rxe3 Nb6 42. Kg1 Rc2 43. Re7 Nxc4 44. Bxc4 Rxc4 45. Rxb7 Rxf4 46. b6 Rb4 47. Rb8 Rb2 48. Kf1 c4 49. Ke1 c3 50. Kd1 Rd2+ 51. Kc1 Rxd5 52. Rc8 Rb5 53. Rc6 d5 54. Kc2 d4 55. Kd3 Rb4 56. Rd6 Kf8 57. Rxd4 Rxb6 58. Kxc3 Rb5 59. Rxh4 Rxg5 60. Kd3 Re5 61. Rf4 Kg7 62. h4 f5 63. Kd2 Kh6 64. Ra4 Kh5 65. Ra6 Re4 66. Rb6 Rxh4 67. Ke2 Re4+ 68. Kf3 Kg5 69. Kg3 Re3+ 70. Kf2 Ra3 71. Rb5 Kg4 72. Rb4+ f4 73. Rb6 Ra2+ 74. Kf1 g5 75. Rb5 f3 76. Kg1 Kf4 77. Rb8 Kg3 0-1


[Site "https://www.chess.com"]

[Event "Titled Tuesday Blitz May 25 2021"]
[White "Onyshchuk, Volodymyr"]
[Black "Potapova, Margarita"]
[WhiteFideId "14114038"]
[BlackFideId "14126869"]
[WhiteElo "2605"]
[BlackElo "2229"]
[Result "1-0"]
[Round "03"]
[TimeControl "180+1"]
[Date "2021.05.25"]
[WhiteClock "0:02:16"]
[BlackClock "0:01:07"]

1. Nf3 Nf6 2. g3 e6 3. Bg2 d5 4. O-O c5 5. d3 Nc6 6. Nbd2 g6 7. e4 Bg7 8. exd5 Nxd5 9. Nb3 Qe7 10. d4 cxd4 11. Nfxd4 Nxd4 12. Nxd4 O-O 13. c3 Rd8 14. Qb3 Nb4 15. Be3 Nd3 16. Rad1 Nc5 17. Qa3 Bf8 18. Nb5 Nd3 19. Qxe7 Bxe7 20. Nc7 Rb8 21. Bxa7 1-0


[Site "https://www.chess.com"]

[Event "Titled Tuesday Blitz May 25 2021"]
[White "Ozkan, Ervin"]
[Black "Yuan, Qingyu"]
[WhiteFideId "6306004"]
[BlackFideId "8609772"]
[WhiteElo "2545"]
[BlackElo "2764"]
[Result "0-1"]
[Round "03"]
[TimeControl "180+1"]
[Date "2021.05.25"]
[WhiteClock "0:00:35"]
[BlackClock "0:00:33"]

1. d4 Nf6 2. Nf3 g6 3. Bf4 Bg7 4. e3 d6 5. h3 O-O 6. Be2 c5 7. c3 cxd4 8. exd4 Nc6 9. O-O Nd5 10. Bh2 e5 11. dxe5 dxe5 12. Nbd2 Qe7 13. Re1 Bf5 14. Bb5 e4 15. g4 Qc5 16. Bxc6 bxc6 17. Nxe4 Bxe4 18. Rxe4 Rfe8 19. Qe2 Nf6 20. Re5 Rxe5 21. Bxe5 Re8 22. Re1 Qd5 23. c4 Qa5 24. Bc3 Rxe2 25. Bxa5 Rxb2 26. Rd1 h6 27. Rd8+ Kh7 28. Rd7 Nxd7 0-1


[Site "https://www.chess.com"]

[Event "Titled Tuesday Blitz May 25 2021"]
[White "Perez Gormaz, Matias"]
[Black "Lazavik, Denis"]
[WhiteFideId "3406342"]
[BlackFideId "13515110"]
[WhiteElo "2414"]
[BlackElo "2436"]
[Result "1-0"]
[Round "03"]
[TimeControl "180+1"]
[Date "2021.05.25"]
[WhiteClock "0:00:05"]
[BlackClock "0:00:06"]

1. e4 e5 2. Nf3 Nc6 3. Bc4 Bc5 4. c3 Nf6 5. d3 d6 6. O-O a6 7. a4 h6 8. Re1 O-O 9. h3 Be6 10. Bxe6 fxe6 11. b4 Ba7 12. Nbd2 Nh5 13. Ra2 Nf4 14. Nf1 Qe8 15. Kh2 Ne7 16. g3 Nh5 17. Kg2 Qg6 18. N1h2 Nf4+ 19. Bxf4 Rxf4 20. Rae2 Raf8 21. d4 Kh8 22. dxe5 d5 23. Qc2 dxe4 24. Rxe4 Nd5 25. R4e2 Qxc2 26. Rxc2 Rc4 27. Rec1 a5 28. bxa5 Rxa4 29. Rb1 Rxa5 30. Rxb7 Bb6 31. Nd4 Re8 32. Nhf3 Rc5 33. Ne2 Ne7 34. c4 Nc6 35. Ra2 Nxe5 36. Nxe5 Rxe5 37. Nf4 Kh7 38. c5 Rxc5 39. Rd2 e5 40. Nh5 e4 41. g4 Re7 42. Ng3 e3 43. Re2 Rce5 44. fxe3 Rxe3 45. Rxe3 Rxe3 46. Nf5 Re2+ 47. Kf3 Rc2 48. h4 Rc3+ 49. Ke4 Rc4+ 50. Kf3 Kg6 51. Ne7+ Kh7 52. Nd5 Ba5 53. h5 Rc5 54. Nf4 Kg8 55. Rb8+ Kf7 56. Ng6 Bb6 57. Rf8+ Ke6 58. Ra8 Rc3+ 59. Ke4 Rc4+ 60. Kf3 Rb4 61. Re8+ Kd7 62. Re2 Rb3+ 63. Ke4 Rb4+ 64. Kf5 Kc8 65. Ne7+ Kb7 66. Nd5 Rb5 67. Ke6 Bd4 68. Re4 Ba1 69. Rc4 c6 70. Ne7 Bf6 71. Nf5 Re5+ 72. Kf7 Rd5 73. Nxg7 Ba1 74. Nf5 Rd7+ 75. Kg6 Kc7 76. Rc1 Bb2 77. Rc2 Be5 78. Nxh6 Rd6+ 79. Kf5 Bd4 80. g5 Rd5+ 81. Kg4 Be3 82. Nf5 Bc5 83. g6 Bf8 84. g7 Bxg7 85. Nxg7 Rd1 86. Nf5 Rg1+ 87. Ng3 Rh1 88. Nxh1 1-0


[Site "https://www.chess.com"]

[Event "Titled Tuesday Blitz May 25 2021"]
[White "Ponikarovsky, Alexey"]
[Black "Zemerov, Vladimir"]
[WhiteFideId "4122887"]
[BlackFideId "4111583"]
[WhiteElo "1944"]
[BlackElo "2277"]
[Result "1-0"]
[Round "03"]
[TimeControl "180+1"]
[Date "2021.05.25"]
[WhiteClock "0:00:52"]
[BlackClock "0:00:02"]

1. e4 g6 2. d4 Bg7 3. Nf3 d6 4. c4 Nf6 5. Nc3 O-O 6. h3 Nc6 7. Be2 e5 8. d5 Nb8 9. O-O a5 10. Be3 Na6 11. Qd2 Qe8 12. Rfe1 Bd7 13. Bh6 Nh5 14. Bxg7 Kxg7 15. Kh2 Nf4 16. Bf1 Qc8 17. Ne2 Nxe2 18. Qxe2 Nc5 19. Rad1 h6 20. Qe3 f5 21. exf5 Rxf5 22. a3 a4 23. Bd3 Rh5 24. Bf1 Bf5 25. Kg1 Bc2 26. Rc1 Bb3 27. g4 Rg5 28. Nxg5 hxg5 29. Qxg5 Qf8 30. Rc3 Qf7 31. Rg3 Rf8 32. Qd2 e4 33. Bg2 Bxc4 34. Bxe4 Nxe4 35. Rxe4 Bxd5 36. Re1 Bc6 37. Rge3 Kg8 38. Qc2 Bd5 39. Re7 1-0


[Site "https://www.chess.com"]

[Event "Titled Tuesday Blitz May 25 2021"]
[White "Praggnanandhaa R"]
[Black "David, Alexandru-Vasile"]
[WhiteFideId "25059530"]
[BlackFideId "1223453"]
[WhiteElo "2555"]
[BlackElo "2404"]
[Result "1-0"]
[Round "03"]
[TimeControl "180+1"]
[Date "2021.05.25"]
[WhiteClock "0:00:51"]
[BlackClock "0:00:25"]

1. Nf3 d5 2. d4 Nf6 3. Bf4 e6 4. e3 Bd6 5. Bg3 O-O 6. Nbd2 c5 7. Bd3 Qc7 8. dxc5 Qxc5 9. c4 dxc4 10. Rc1 Bxg3 11. hxg3 h6 12. Rxc4 Qa5 13. g4 b5 14. Rc1 Bb7 15. g5 hxg5 16. Nxg5 Rd8 17. Bh7+ Nxh7 18. Rxh7 f6 19. Rh8+ Kxh8 20. Qh5+ Kg8 21. Qf7+ Kh8 22. Qh5+ Kg8 23. Qh7+ Kf8 24. Qh8+ Ke7 25. Qxg7+ Kd6 26. Nf7+ Kd5 27. e4+ Kd4 28. Qxf6+ 1-0


[Site "https://www.chess.com"]

[Event "Titled Tuesday Blitz May 25 2021"]
[White "Pridorozhni, Aleksei"]
[Black "Maksimovic, Bojan"]
[WhiteFideId "4127870"]
[BlackFideId "14408120"]
[WhiteElo "2565"]
[BlackElo "2437"]
[Result "1-0"]
[Round "03"]
[TimeControl "180+1"]
[Date "2021.05.25"]
[WhiteClock "0:00:13"]
[BlackClock "0:00:04"]

1. e4 g6 2. d4 Bg7 3. c4 d6 4. Nc3 e5 5. d5 Nd7 6. f3 h5 7. Bd3 h4 8. Nge2 Bh6 9. O-O Bxc1 10. Qxc1 Nh6 11. b4 Kf8 12. Nd1 Kg7 13. Nf2 b6 14. Qe3 a5 15. a3 Ng8 16. Nc3 Ngf6 17. Rfc1 Nh5 18. Bf1 Nf4 19. Ne2 Qg5 20. Nxf4 exf4 21. Qc3+ Qf6 22. Qxf6+ Kxf6 23. Nd3 g5 24. c5 bxc5 25. bxc5 Ba6 26. cxd6 Bxd3 27. Bxd3 cxd6 28. Bb5 Nc5 29. Rc3 Ke5 30. h3 a4 31. Rb1 Rhb8 32. Rb4 Rb6 33. Bc6 Rab8 34. Rxb6 Rxb6 35. Rc4 Rb1+ 36. Kf2 Rb2+ 37. Kf1 Rb1+ 38. Kf2 Rb2+ 39. Kf1 Ra2 40. Bxa4 Ra1+ 41. Ke2 Ra2+ 42. Bc2 Rxa3 43. Kd2 Re3 44. Rb4 Ra3 45. Ke2 Ra2 46. Kd2 Ra3 47. Ke2 Ra7 48. Kd2 Ra8 49. Ke2 Rc8 50. Kd2 Rc7 51. Rb8 Rb7 52. Re8+ Kd4 53. Rg8 Rb2 54. Rxg5 Nb3+ 55. Kd1 Nc5 56. Kd2 Nb3+ 57. Kd1 Nc5 58. e5 dxe5 59. d6 Kc3 60. Rxe5 Nd3 61. Bxd3 Rd2+ 62. Ke1 Rxd3 63. Rf5 Rxd6 64. Rxf4 Rg6 65. Kf2 Rh6 66. Rxf7 Kd4 67. Re7 Kd5 68. f4 Kd6 69. Re5 Rg6 70. Rg5 Rf6 71. Kf3 1-0


[Site "https://www.chess.com"]

[Event "Titled Tuesday Blitz May 25 2021"]
[White "Provotorov, Ivan"]
[Black "Acor, Corey"]
[WhiteFideId "4154657"]
[BlackFideId "2024861"]
[WhiteElo "2244"]
[BlackElo "2813"]
[Result "0-1"]
[Round "03"]
[TimeControl "180+1"]
[Date "2021.05.25"]
[WhiteClock "0:00:22"]
[BlackClock "0:00:05"]

1. c4 e5 2. Nc3 Nc6 3. Nf3 g6 4. d4 exd4 5. Nxd4 Bg7 6. Nxc6 bxc6 7. g3 Ne7 8. Bg2 O-O 9. O-O d6 10. Qc2 Bf5 11. e4 Be6 12. b3 c5 13. Bb2 Nc6 14. f4 Nd4 15. Qd2 Rb8 16. Rae1 Re8 17. Kh1 a5 18. f5 Bd7 19. Nd5 a4 20. f6 Bf8 21. b4 c6 22. Ne3 Qb6 23. Bc3 Be6 24. Rb1 Qa7 25. Nf5 Bxc4 26. Nh6+ Kh8 27. Rfd1 Nb5 28. Ba1 cxb4 29. Rxb4 d5 30. Rxc4 dxc4 31. Qg5 Rbd8 32. Re1 c3 33. e5 Qd7 34. Bh3 Qxh3 35. Nxf7+ Kg8 36. Nxd8 Rxd8 37. f7+ Kxf7 38. Qxd8 Qf5 39. Qd1 Be7 40. Qe2 Ke6 41. Rf1 Qxe5 42. Qc4+ Qd5+ 43. Qxd5+ cxd5 44. Rc1 d4 45. Rb1 c2 46. Re1+ Kd7 47. Bb2 d3 48. Bc1 Bb4 49. Re5 Kc6 50. Re4 d2 51. Bxd2 Bxd2 52. Rc4+ Kd5 53. Rxc2 Bb4 54. Rc8 Bc5 55. Rh8 h5 56. Rg8 Nc3 57. Rxg6 Nxa2 58. Rg5+ Kc4 59. Rxh5 a3 60. Rh8 Nb4 61. Ra8 Kb3 62. h4 a2 63. Rxa2 Kxa2 64. Kg2 Kb3 65. Kf3 Kc4 66. Ke4 Bf2 67. Kf4 Nd5+ 68. Kf3 Be1 69. g4 Kd4 70. h5 Ke5 71. g5 Kf5 72. g6 Nf6 73. Ke2 Bh4 74. g7 Kg5 75. h6 Kxh6 76. g8=Q Nxg8 77. Kf3 Nf6 78. Kf4 Bg5+ 79. Kf5 Kh5 80. Ke6 Ng4 81. Kd5 Kg6 82. Kc6 Kf6 83. Kb5 Ke5 84. Kc4 Ke4 85. Kc5 Be3+ 86. Kc6 Bd4 87. Kb5 Ne5 88. Ka6 Kd5 89. Kb7 Kd6 90. Ka6 Kc5 91. Kb7 Nc4 92. Kc7 Nb6 93. Kb7 Be5 94. Ka6 Kc6 95. Ka7 Bd6 96. Ka6 Bb8 97. Ka5 Nd5 98. Ka6 Nb4+ 99. Ka5 Kc5 100. Ka4 Kc4 101. Ka5 Bc7+ 102. Ka4 Bb6 103. Ka3 Nd3 104. Ka4 Nb2+ 105. Ka3 Kc3 106. Ka2 Kc2 107. Ka3 Bc5+ 108. Ka2 Nd3 109. Ka1 Bd6 110. Ka2 Nc1+ 111. Ka1 Be5# 0-1


[Site "https://www.chess.com"]

[Event "Titled Tuesday Blitz May 25 2021"]
[White "Rahman, Ziaur"]
[Black "Abdrlauf, Elham"]
[WhiteFideId "10200037"]
[BlackFideId "1533533"]
[WhiteElo "2599"]
[BlackElo "2827"]
[Result "0-1"]
[Round "03"]
[TimeControl "180+1"]
[Date "2021.05.25"]
[WhiteClock "0:00:07"]
[BlackClock "0:00:11"]

1. d4 Nf6 2. Bg5 g6 3. Bxf6 exf6 4. e3 Bg7 5. g3 O-O 6. Bg2 d6 7. Ne2 Nd7 8. O-O f5 9. c4 Nf6 10. Nbc3 h5 11. b4 h4 12. b5 Re8 13. Qd3 hxg3 14. hxg3 Ng4 15. Nf4 Bh6 16. Bf3 Kg7 17. Kg2 Rb8 18. Rh1 c6 19. Rab1 Bd7 20. a4 Qf6 21. Rb2 Rh8 22. Rbb1 Bxf4 23. exf4 a6 24. bxa6 bxa6 25. Rxh8 Rxh8 26. Bxg4 fxg4 27. Rb7 Bf5 28. Qe3 Qe6 29. d5 Qxe3 30. fxe3 cxd5 31. cxd5 Rc8 32. e4 Rxc3 33. exf5 gxf5 34. Rb6 a5 35. Rb5 Rc2+ 36. Kg1 Rc1+ 37. Kg2 Rc2+ 38. Kg1 Rc5 39. Kf2 Kf6 40. Ke3 Ke7 41. Kd4 Rxb5 42. axb5 Kd7 43. b6 Kc8 44. Kc4 Kb7 45. Kb5 a4 46. Kxa4 Kxb6 47. Kb4 Ka6 48. Ka4 Kb6 49. Kb4 f6 50. Kc4 Ka5 51. Kc3 Kb5 52. Kd4 Kb4 53. Kd3 Kc5 54. Ke3 Kxd5 55. Kd3 Kc5 56. Kc3 d5 57. Kd3 d4 58. Kd2 Kc4 59. Kc2 d3+ 60. Kd2 Kd4 0-1


[Site "https://www.chess.com"]

[Event "Titled Tuesday Blitz May 25 2021"]
[White "Remizov, Yaroslav"]
[Black "Mikhalsky, Vladimir"]
[WhiteFideId "34134015"]
[BlackFideId "14144352"]
[WhiteElo "2367"]
[BlackElo "2280"]
[Result "1-0"]
[Round "03"]
[TimeControl "180+1"]
[Date "2021.05.25"]
[WhiteClock "0:00:05"]
[BlackClock "0:00:27"]

1. e4 g6 2. d4 Bg7 3. Nf3 d6 4. Be3 a6 5. Nbd2 c5 6. c3 cxd4 7. cxd4 Nf6 8. Bd3 Nc6 9. h3 O-O 10. O-O Nb4 11. Bb1 Nh5 12. a3 Nc6 13. Ba2 e5 14. d5 Nd4 15. Rc1 Bd7 16. Nc4 Bb5 17. Nxd4 exd4 18. Bxd4 Bxd4 19. Qxd4 Nf4 20. Rfe1 Qg5 21. g3 Nxh3+ 22. Kg2 Bd7 23. Qe3 Qh5 24. Rh1 g5 25. Nxd6 g4 26. e5 Rae8 27. Nxe8 Rxe8 28. Rce1 Bf5 29. e6 fxe6 30. dxe6 Re7 31. Qd4 Qg6 32. Qd8+ Re8 33. e7+ Kg7 34. Qd4+ Kh6 35. Qf4+ Kh5 36. Qe5 Kh6 37. Be6 Rxe7 38. Qxf5 Rxe6 39. Rxe6 Kg7 40. Rxg6+ hxg6 41. Qxg4 Kf6 42. Rxh3 Ke5 43. Rh6 Kd5 44. Rxg6 Kc5 45. Re6 b5 46. Qe4 a5 47. Rc6# 1-0


[Site "https://www.chess.com"]

[Event "Titled Tuesday Blitz May 25 2021"]
[White "Romanchuk, Viktor"]
[Black "Yoo, Christopher Woojin"]
[WhiteFideId "14109271"]
[BlackFideId "30909694"]
[WhiteElo "2242"]
[BlackElo "2009"]
[Result "0-1"]
[Round "03"]
[TimeControl "180+1"]
[Date "2021.05.25"]
[WhiteClock "0:00:01"]
[BlackClock "0:00:14"]

1. d4 Nf6 2. c4 e6 3. Nc3 Bb4 4. e3 c5 5. Ne2 d6 6. a3 Ba5 7. Rb1 Nc6 8. dxc5 dxc5 9. Qc2 O-O 10. Ng3 h5 11. Bd2 h4 12. Nge4 Nxe4 13. Qxe4 Qg5 14. Qf4 Qxf4 15. exf4 Rd8 16. Rd1 Nd4 17. Ne4 Bxd2+ 18. Rxd2 b6 19. Bd3 h3 20. O-O hxg2 21. Kxg2 Bb7 22. f3 Nf5 23. Kf2 Rd4 24. Be2 Rad8 25. Rxd4 Rxd4 26. Rd1 Kf8 27. Rxd4 Nxd4 28. Nd6 Ba6 29. Bd3 f5 30. Nb5 Bxb5 31. cxb5 Ke7 32. Ke3 Kf6 33. Bc4 e5 34. fxe5+ Kxe5 35. f4+ Kd6 36. Bd3 Kd5 37. Bf1 c4 38. h4 Nxb5 39. h5 Nd6 40. Bg2+ Kc5 41. Bh3 b5 42. Bg2 a5 43. Bf1 b4 44. axb4+ axb4 45. Bh3 b3 46. Bf1 Nb5 47. Bh3 Nd4 48. Kd2 Kb4 0-1


[Site "https://www.chess.com"]

[Event "Titled Tuesday Blitz May 25 2021"]
[White "Sadhwani, Raunak"]
[Black "Wieczorek, Oskar"]
[WhiteFideId "35093487"]
[BlackFideId "1133950"]
[WhiteElo "2514"]
[BlackElo "2258"]
[Result "1-0"]
[Round "03"]
[TimeControl "180+1"]
[Date "2021.05.25"]
[WhiteClock "0:01:00"]
[BlackClock "0:00:03"]

1. b3 e5 2. Bb2 Nc6 3. c4 Nf6 4. Nf3 d5 5. Nxe5 d4 6. Nxc6 bxc6 7. g3 c5 8. Bg2 Rb8 9. O-O h5 10. e3 Be7 11. h3 Rb6 12. exd4 cxd4 13. d3 h4 14. g4 Nxg4 15. hxg4 Rg6 16. Kh1 Bxg4 17. Bf3 Bxf3+ 18. Qxf3 h3 19. Rg1 Rf6 20. Qe4 Rxf2 21. Bxd4 h2 22. Re1 1-0


[Site "https://www.chess.com"]

[Event "Titled Tuesday Blitz May 25 2021"]
[White "Sadovsky, Artem"]
[Black "Martin Carmona, Gaston Manuel"]
[WhiteFideId "4155840"]
[BlackFideId "22284567"]
[WhiteElo "2476"]
[BlackElo "2144"]
[Result "0-1"]
[Round "03"]
[TimeControl "180+1"]
[Date "2021.05.25"]
[WhiteClock "0:00:01"]
[BlackClock "0:00:12"]

1. Nf3 Nf6 2. g3 g6 3. Bg2 Bg7 4. O-O O-O 5. c4 c5 6. Nc3 d5 7. a3 d4 8. Na4 Nfd7 9. d3 Nc6 10. b4 cxb4 11. axb4 Nxb4 12. Bb2 Nc6 13. e3 dxe3 14. fxe3 Bxb2 15. Nxb2 Nc5 16. d4 Ne4 17. Qd3 Bf5 18. g4 Ng3 19. gxf5 Nxf1 20. Rxf1 Qb6 21. Na4 Qb4 22. Nc5 Rad8 23. Ne4 gxf5 24. Ng3 e6 25. Nxf5 exf5 26. Qxf5 Qd6 27. Kh1 Qg6 28. Qf4 Kh8 29. Nh4 Qd6 30. Qf5 Ne7 31. Qh5 Ng6 32. Nf5 Qf6 33. Nh6 Qg7 34. Nf5 Qf6 35. e4 Rxd4 36. Nh6 Qe7 37. e5 Qxe5 38. Qf3 Rh4 39. Ng4 Qh5 40. Qf6+ Kg8 41. Bf3 Rxg4 0-1


[Site "https://www.chess.com"]

[Event "Titled Tuesday Blitz May 25 2021"]
[White "Samadov, Read"]
[Black "Seul, Georg"]
[WhiteFideId "13417444"]
[BlackFideId "4601653"]
[WhiteElo "2745"]
[BlackElo "2522"]
[Result "1/2-1/2"]
[Round "03"]
[TimeControl "180+1"]
[Date "2021.05.25"]
[WhiteClock "0:00:26"]
[BlackClock "0:00:28"]

1. d4 Nf6 2. c4 e6 3. Nc3 Bb4 4. Qc2 d6 5. a3 Bxc3+ 6. Qxc3 Nbd7 7. Nf3 O-O 8. g3 Re8 9. Bg2 e5 10. O-O e4 11. Nd2 d5 12. e3 c6 13. b4 Nf8 14. Bb2 h5 15. Rac1 Bg4 16. cxd5 cxd5 17. Qc7 Re7 18. Qxd8 Rxd8 19. h3 Be2 20. Rfe1 Bd3 21. a4 Ne6 22. b5 Ree8 23. Rc3 Rc8 24. Rec1 Rxc3 25. Rxc3 Rd8 26. Bf1 Bxf1 27. Kxf1 Kf8 28. Nb3 b6 29. Nc1 Ke8 30. Na2 Rd7 31. Rc8+ Rd8 32. Rxd8+ Nxd8 33. Nb4 Kd7 34. Ke2 Ne6 35. Nc6 a5 36. Ne5+ Ke8 37. Ba3 Nd7 38. Nc6 Ng5 39. h4 Ne6 40. Bd6 Nf6 41. Bb8 Nd7 42. Bd6 Nf6 43. Kf1 Kd7 44. Ba3 Ng4 45. Ke2 Nd8 46. Nxd8 Kxd8 47. Bd6 Kd7 48. Bb8 g6 49. Bf4 Nf6 50. Be5 1/2-1/2


[Site "https://www.chess.com"]

[Event "Titled Tuesday Blitz May 25 2021"]
[White "Sanal, Vahap"]
[Black "Madaminov, Mukhiddin"]
[WhiteFideId "6300545"]
[BlackFideId "14210703"]
[WhiteElo "2507"]
[BlackElo "1747"]
[Result "1-0"]
[Round "03"]
[TimeControl "180+1"]
[Date "2021.05.25"]
[WhiteClock "0:00:32"]
[BlackClock "0:00:08"]

1. d4 Nf6 2. Bf4 d5 3. e3 c5 4. Nf3 Nc6 5. Nbd2 e6 6. c3 Be7 7. Bb5 O-O 8. O-O Nh5 9. Bg3 Nxg3 10. hxg3 h6 11. Bxc6 bxc6 12. Ne5 Qb6 13. Qb3 Qc7 14. Qa4 Bb7 15. Nb3 Bd6 16. f4 c4 17. Nc5 a5 18. Rf2 Rfb8 19. Raf1 Ba6 20. f5 Bxc5 21. fxe6 f6 22. Nd7 Be7 23. e4 Bb5 24. Qc2 Qxg3 25. e5 Rf8 26. Rf3 Qh4 27. Rf4 Qg5 28. a4 Ba6 29. Rf5 Qe3+ 30. Kh1 fxe5 31. Nxf8 Rxf8 32. Rxf8+ Bxf8 33. Qf5 Bd6 34. dxe5 Bc5 35. e7 Bxe7 36. Qf7+ Kh7 37. Qxe7 Qe2 38. Qf7 Qxe5 39. Qf5+ Qxf5 40. Rxf5 Bc8 41. Rf8 Bg4 42. Ra8 Kg6 43. Rxa5 Kf5 44. Rc5 Bd1 45. a5 Ke5 46. a6 Kd6 47. Ra5 Kc7 48. a7 Bb3 49. a8=Q Kd7 50. Ra7+ Kd6 51. Qe8 Kc5 52. Qe7+ Kb6 53. Qc7+ 1-0


[Site "https://www.chess.com"]

[Event "Titled Tuesday Blitz May 25 2021"]
[White "Savitski, Andrei"]
[Black "Ljukin, Sergei"]
[WhiteFideId "13506161"]
[BlackFideId "14102200"]
[WhiteElo "2121"]
[BlackElo "2287"]
[Result "1-0"]
[Round "03"]
[TimeControl "180+1"]
[Date "2021.05.25"]
[WhiteClock "0:02:02"]
[BlackClock "0:00:10"]

1. e4 e6 2. d4 d5 3. Nd2 Nf6 4. e5 Nfd7 5. Bd3 c5 6. c3 Nc6 7. Ne2 cxd4 8. cxd4 f6 9. exf6 Qxf6 10. Nf3 h6 11. O-O Bd6 12. Be3 O-O 13. Rc1 Rd8 14. Bb1 Nf8 15. Qd2 Bd7 16. Bf4 Be8 17. Bxd6 Rxd6 18. Qf4 Qxf4 19. Nxf4 g5 20. Nd3 Bh5 21. Nfe5 Nxd4 22. Rc7 Be2 23. Re1 Bxd3 24. Bxd3 Nc6 25. Ng4 e5 26. Rxb7 e4 27. Bf1 Rb8 28. Rxb8 Nxb8 29. Ne3 d4 30. Nf5 Rf6 31. Nxd4 Nc6 32. Bc4+ Kg7 33. Nxc6 Rxc6 34. Rxe4 Nd7 35. b3 Rd6 36. h4 Rd1+ 37. Kh2 Rd2 38. hxg5 hxg5 39. f3 Nf6 40. Re7+ Kg6 41. Rxa7 g4 42. Kg3 Kf5 43. Ra5+ 1-0


[Site "https://www.chess.com"]

[Event "Titled Tuesday Blitz May 25 2021"]
[White "Shapkin, Anatoliy"]
[Black "Goltsev, Dmitry"]
[WhiteFideId "34108332"]
[BlackFideId "24176710"]
[WhiteElo "2223"]
[BlackElo "2366"]
[Result "1-0"]
[Round "03"]
[TimeControl "180+1"]
[Date "2021.05.25"]
[WhiteClock "0:00:22"]
[BlackClock "0:00:06"]

1. d4 Nf6 2. c4 e6 3. g3 Bb4+ 4. Bd2 Qe7 5. Bg2 Nc6 6. e3 O-O 7. Ne2 b6 8. O-O Bb7 9. d5 exd5 10. cxd5 Ne5 11. d6 Bxd6 12. Bxb7 Rae8 13. Bg2 h5 14. Nbc3 h4 15. Nf4 c6 16. Ne4 Nxe4 17. Bxe4 g5 18. Nd3 f5 19. Nxe5 Bxe5 20. Bg2 g4 21. Re1 h3 22. Bf1 d5 23. Bc3 Bd6 24. Qd4 Kh7 25. b4 Rf7 26. Bd3 Qg5 27. b5 Be5 28. Qb4 c5 29. Qb2 Qf6 30. Bxe5 Rxe5 31. Qc2 c4 32. Bf1 Rc7 33. Rad1 Rc5 34. a4 Re4 35. Rd2 Kh6 36. Red1 Qe5 37. Rd4 Kg5 38. Qd2 c3 39. Qc2 Kf6 40. Rxe4 Qxe4 41. Qxe4 fxe4 42. Be2 Kf5 43. Rc1 Rc7 44. Kf1 Rc5 45. Ke1 Ke5 46. Kd1 d4 47. exd4+ Kxd4 48. Kc2 Rf5 49. Rf1 e3 50. fxe3+ Ke4 51. Bd3+ Kxe3 52. Rxf5 a5 53. bxa6 b5 54. a7 b4 55. a8=Q b3+ 56. Kxb3 Kxd3 57. Qd8+ Ke3 58. Qe7+ Kd2 59. Rf2+ Kd1 60. Qe2+ Kc1 61. Qc2# 1-0


[Site "https://www.chess.com"]

[Event "Titled Tuesday Blitz May 25 2021"]
[White "Shkapenko, Pavel"]
[Black "Budiarti, Farah Yumna"]
[WhiteFideId "4151933"]
[BlackFideId "7107331"]
[WhiteElo "2386"]
[BlackElo "2513"]
[Result "1/2-1/2"]
[Round "03"]
[TimeControl "180+1"]
[Date "2021.05.25"]
[WhiteClock "0:00:15"]
[BlackClock "0:00:04"]

1. e4 c6 2. d4 d5 3. e5 Bf5 4. h4 h5 5. Bd3 Bxd3 6. Qxd3 e6 7. Bg5 Qb6 8. Nd2 c5 9. c4 Nc6 10. Ngf3 Nge7 11. O-O cxd4 12. Bxe7 Nxe7 13. Nxd4 Rd8 14. N2b3 Ng6 15. Rfe1 Nxh4 16. Rac1 Bb4 17. c5 Qa6 18. Qxa6 bxa6 19. Red1 a5 20. a3 a4 21. axb4 axb3 22. Ra1 Ng6 23. Rxa7 Nxe5 24. c6 Nc4 25. Nxb3 Rb8 26. Na5 Nxa5 27. bxa5 O-O 28. Rb7 Ra8 29. b4 Rfc8 30. c7 Kf8 31. Ra1 Ke7 32. b5 Kd6 33. b6 Kc6 34. Rb8 Rcxb8 35. cxb8=Q Rxb8 36. Rc1+ Kb5 37. Rc7 Kxa5 38. Rxf7 Rxb6 39. Rxg7 Rb1+ 40. Kh2 d4 41. Rd7 Rd1 42. Rd6 Kb4 43. Rxe6 d3 44. Rb6+ Kc3 45. Rc6+ Kd2 46. Kg3 Ke2 47. Re6+ Kf1 48. Kf3 Ra1 49. Rd6 Ra3 50. Ke3 d2+ 51. Kxd2 Kxf2 52. Rh6 Ra5 53. Rg6 Ra2+ 54. Kd3 Kg1 55. Rg5 Rxg2 56. Rxh5 Rg3+ 57. Ke2 Kg2 58. Rf5 Rg4 59. Rf2+ Kg3 60. Rf3+ Kh4 1/2-1/2


[Site "https://www.chess.com"]